 Dungeon Crawl Stone Soup version 0.25.1-2-g60ff931df9 (webtiles) character file.

Game seed: 7979201314962849213

544 H0rd4k the Thaumaturge (level 7, -1/36 HPs)
             Began as a Deep Elf Wizard on Oct 27, 2020.
             Splashed by Ijyb's acid (11 damage)
             ... on level 4 of the Dungeon.
             The game lasted 00:07:42 (3943 turns).

H0rd4k the Thaumaturge (Deep Elf Wizard)            Turns: 3943, Time: 00:07:42

Health: -1/36      AC: -2    Str:  4    XL:     7   Next: 6%
Magic:  10/20      EV: 13    Int: 25    God:
Gold:   149        SH:  0    Dex: 13    Spells: 13/22 levels left

rFire    . . .     SeeInvis .   f - +1 short sword (venom)
rCold    . . .     Gourm    .   (no shield)
rNeg     . . .     Faith    .   a - +0 robe
rPois    .         Spirit   .   b - +0 hat
rElec    .         Reflect  .   (no cloak)
rCorr    .         Harm     .   (no gloves)
MR       .....                  (no boots)
Stlth    ++........             (no amulet)
HPRegen  0.12/turn              l - ring of wizardry
MPRegen  0.17/turn              (no ring)

@: corroded
A: no striking features
a: no special abilities


You were on level 4 of the Dungeon.
You were hungry.

You visited 1 branch of the dungeon, and saw 4 of its levels.

You collected 149 gold pieces.

Inventory:

Hand Weapons
 f - a +1 short sword of venom (weapon)
Armour
 a - a +0 robe (worn)
 b - a +0 hat (worn)
Jewellery
 l - a ring of wizardry (left hand)
Wands
 h - a wand of flame (18)
 p - a wand of polymorph (8)
Scrolls
 e - a scroll of fog
 i - 4 scrolls of identify
 j - a scroll of fear {unknown}
 k - a scroll of blinking {unknown}
 o - a scroll of teleportation
Potions
 c - a potion of heal wounds {unknown}
 g - a potion of degeneration {unknown}
 m - a potion of flight
 n - a potion of brilliance {unknown}
Comestibles
 d - 7 rations


   Skills:
 + Level 3.1 Dodging
 + Level 3.0 Stealth
 + Level 8.0 Spellcasting
 + Level 4.7 Conjurations
   Level 1.1 Summonings
 + Level 1.3 Translocations
 + Level 1.2 Fire Magic
 + Level 1.1 Air Magic
 + Level 1.0 Poison Magic


You had 13 spell levels left.
You knew the following spells:

 Your Spells              Type           Power        Failure   Level  Hunger
a - Magic Dart            Conj           ####         1%          1    None
b - Blink                 Tloc           N/A          2%          2    None
c - Conjure Flame         Conj/Fire      ###.....     2%          3    None
d - Mephitic Cloud        Conj/Pois/Air  ###.....     2%          3    None

Your spell library contained the following spells:

 Spells                   Type           Power        Failure   Level  Hunger
 Call Imp                 Summ           ###.....     2%          2    None
 Slow                     Hex            ##......     3%          2    None


Dungeon Overview and Level Annotations

Branches:
Dungeon (4/15)
 Temple: D:4-7

Altars:
Xom

Annotations:
D:1 exclusion: 2 downstairs
D:4 1 runed translucent door, exclusion: door, Crazy Yiuf, Ijyb


Message History

Ijyb hits you with a +0 dagger.
Casting: Magic Dart (safe; 1% risk of failure)
Confirm with . or Enter, or press ? or * to list all spells.
Aiming: Magic Dart (safe; 1% risk of failure)
Press: ? - help, Shift-Dir - straight line, f/p - Ijyb
Aim: Ijyb, wielding a +0 dagger, wearing a +0 chain mail and carrying a wand of acid (12) (severely wounded)
The magic dart hits Ijyb but does no damage.
Ijyb is severely wounded.
Ijyb hits you but does no damage.
Casting: Magic Dart (safe; 1% risk of failure)
Confirm with . or Enter, or press ? or * to list all spells.
Aiming: Magic Dart (safe; 1% risk of failure)
Press: ? - help, Shift-Dir - straight line, f/p - Ijyb
Aim: Ijyb, wielding a +0 dagger, wearing a +0 chain mail and carrying a wand of acid (12) (severely wounded)
The magic dart hits Ijyb but does no damage.
Ijyb is severely wounded.
Ijyb zaps a wand.
The bolt of acid hits you!
* * * LOW HITPOINT WARNING * * *
The acid corrodes you!
You are splashed with acid!
You die...

#..# #.. #>.# #.#
#..# #.# #..# #.#
#..# #.# #####[.##
#.# #........ #g#
###.###.### #@#
#.....#....
#.######<....#####
#.................
########.....#####
#.....# ###.###
#.# #.# #.#


You could see Ijyb.

Vanquished Creatures
  Menkaure (D:4)
  An ogre (D:4)
  A bullfrog (D:2)
  An orc wizard (D:3)
  4 worker ants (D:4)
  10 adders
  3 worms (D:4)
  A dart slug (D:1)
  A leopard gecko (D:4)
  8 orcs
  3 ball pythons
  2 giant cockroaches
  5 hobgoblins
  5 jackals
  3 bats
  4 frilled lizards
  4 goblins
  8 kobolds
  A leopard gecko zombie (D:3)
  8 rats
74 creatures vanquished.

Notes
Turn   | Place    | Note
-------+----------+-------------------------------------------
     0 | D:1      | H0rd4k the Deep Elf Wizard began the quest for the Orb.
     0 | D:1      | Reached XP level 1. HP: 10/10 MP: 7/7
    30 | D:1      | You fall into a shaft and drop 1 floor!
    91 | D:1      | Found a shimmering altar of Xom.
   175 | D:1      | Reached skill level 5 in Spellcasting
   175 | D:1      | Reached XP level 2. HP: 7/15 MP: 0/10
   881 | D:2      | Noticed a bullfrog
   888 | D:2      | Killed a bullfrog
   888 | D:2      | Reached skill level 6 in Spellcasting
   888 | D:2      | Reached XP level 3. HP: 9/19 MP: 3/12
   888 | D:2      | Reached XP level 4. HP: 12/24 MP: 3/14
   893 | D:2      | Learned a level 2 spell: Blink
   897 | D:2      | Learned a level 3 spell: Conjure Flame
   901 | D:2      | Learned a level 3 spell: Mephitic Cloud
  1565 | D:3      | Reached XP level 5. HP: 28/28 MP: 11/16
  1570 | D:3      | Reached skill level 1 in Fire Magic
  1621 | D:3      | Reached skill level 1 in Poison Magic
  2500 | D:3      | Reached skill level 7 in Spellcasting
  2980 | D:4      | Reached skill level 1 in Air Magic
  3021 | D:4      | Reached XP level 6. HP: 32/32 MP: 14/18
  3053 | D:4      | Noticed Menkaure
  3078 | D:4      | Found a runed translucent door.
  3079 | D:4      | Noticed Crazy Yiuf
  3212 | D:4      | Killed Menkaure
  3462 | D:4      | Reached skill level 8 in Spellcasting
  3468 | D:4      | Reached XP level 7. HP: 31/36 MP: 6/20
  3932 | D:4      | Noticed Ijyb
  3943 | D:4      | Splashed by Ijyb's acid

Illustrated notes

Levels and vault maps discovered:
D:1:      lightli_arrival_isolated_outpost, layout_rooms, xom_teletrap_fun
D:2:      layout_rooms
D:3:      layout_basic, hangedman_glass_teeth
D:4:      layout_loops_ring, first_ration, uniq_crazy_yiuf_cottage, uniq_ijyb,
          uniq_menkaure

Skill      XL: |  1  2  3  4  5  6 |
---------------+-------------------+-----
Spellcasting   | 5 6 7 8 |  8.0
Dodging        | 3 |  3.1
Conjurations   | 2 3 4 |  4.7
Fire Magic     | 1 |  1.2
Poison Magic   | 1 |  1.0
Air Magic      | 1 |  1.1
Stealth        | 3 |  3.0
Summonings     | |  1.1
Translocations | |  1.3

Action                   |  1- 3 |  4- 6 |  7- 9 || total
-------------------------+-------+-------+-------++-------
 Cast: Magic Dart        |    51 |   190 |    20 ||   261
       Blink             |       |     2 |       ||     2
  Use: Scroll            |     6 |     3 |       ||     9
  Eat: Chunk             |       |     7 |     1 ||     8
Armor: Robe              |     5 |       |       ||     5
Dodge: Dodged            |    37 |    29 |     2 ||    68
